 Dungeon Crawl Stone Soup version 0.31-a0-277-g31ea1f65cc (webtiles) character file.

Game seed: 11734206535627422764

59 pokeman the Magician (level 3, 0/30 HPs)
             Began as a Deep Elf Hedge Wizard on July 15, 2023.
             Slain by a scorpion (2 damage)
             ... on level 4 of the Dungeon.
             The game lasted 00:03:24 (3368 turns).

pokeman the Magician (Deep Elf Hedge Wizard)        Turns: 3368, Time: 00:03:24

Health: 0/30       AC: 21    Str:  7    XL:     3   Next: 78%
Magic:  2/11       EV:  2    Int: 20    God:
Gold:   128        SH:  0    Dex: 14    Spells: 4/12 levels left

rFire   . . .        a - +0 dagger
rCold   . . .        (no shield)
rNeg    . . .        b - melded +0 robe
rPois   +            e - melded +1 hat
rElec   .            (cloak currently unavailable)
rCorr   .            (gloves currently unavailable)
SInv    .            (boots currently unavailable)
Will    .....        (no amulet)
Stlth   ++           (no ring)
HPRegen 0.25/turn    (no ring)
MPRegen 0.12/turn

%: no passive effects
@: tree-form, very slightly contaminated
A: stationary, stasis, torment immunity, boosted hp
a: no special abilities


You were on level 4 of the Dungeon.
You were a tree.
You visited 1 branch of the dungeon, and saw 4 of its levels.

You collected 198 gold pieces.
You spent 70 gold pieces at shops.

Inventory:

Hand Weapons
 a - a +0 dagger (weapon)
Missiles
 t - a throwing net
Armour
 b - a +0 robe (melded)
 e - a +1 hat (melded)
Magical Staves
 c - a staff of death
Scrolls
 h - 2 scrolls of poison {unknown}
 j - 2 scrolls of blinking {unknown}
 k - 2 scrolls of brand weapon {unknown}
 l - 2 scrolls of teleportation {unknown}
 n - a scroll of vulnerability {unknown}
 o - a scroll of enchant weapon {unknown}
 s - a scroll of acquirement {unknown}
 u - a scroll of silence {unknown}
 v - a scroll of amnesia {unknown}
Potions
 d - 2 potions of magic
 g - 3 potions of curing {unknown}
 i - a potion of ambrosia {unknown}
 m - 2 potions of resistance {unknown}
 p - a potion of attraction {unknown}
 q - 2 potions of heal wounds {unknown}
 r - a potion of might {unknown}


   Skills:
 - Level 1.0 Fighting
 - Level 1.0 Armour
 + Level 2.4 Dodging
 + Level 2.4 Stealth
 * Level 5.4 Spellcasting
 + Level 2.1 Conjurations
 - Level 1.1 Summonings
 - Level 1.1 Translocations


You had 4 spell levels left.
You knew the following spells:

 Your Spells              Type           Power      Damage    Failure   Level
a - Magic Dart            Conj           52%        1d5       4%          1
b - Mephitic Cloud        Conj/Pois/Air  8%         N/A       26%         3
c - Call Imp              Summ           18%        N/A       11%         2
d - Blink                 Tloc           18%        N/A       11%         2

Your spell library contained the following spells:

 Spells                   Type           Power      Damage    Failure   Level
 Summon Small Mammal      Summ           36%        N/A       7%          1
 Slow                     Hex            20%        N/A       11%         1
 Cigotuvi's Dreadful Rot  Necr/Pois/Air  10%        N/A       17%         2
 Call Canine Familiar     Summ           9%         N/A       22%         3
 Summon Guardian Golem    Hex/Summ       7%         N/A       26%         3
 Ozocubu's Armour         Ice            5%         N/A       32%         3
 Ozocubu's Refrigeration  Ice            2%         4d8       100%        7


Dungeon Overview and Level Annotations

Branches:
Dungeon (4/15)
 Temple: D:4-7

Altars:

Shops:
D:3 *


Message History

That beam is likely to hit you.
Continue anyway?
You miscast Mephitic Cloud.
You are very lightly contaminated with residual magic.
The air around you crackles with energy!
* * * LOW HITPOINT WARNING * * *
x2 You feel sick.
The scorpion closely misses you.
Your cerulean imp hits the scorpion but does no damage.
The hobgoblin misses your cerulean imp.
Unknown command.
It was a potion of lignification.
You turn into a tree.
Your +1 hat melds into your body.
Your +0 robe melds into your body.
Your roots penetrate the ground.
You feel sick.
The scorpion stings you but does no damage.
Your cerulean imp hits the scorpion but does no damage.
The hobgoblin closely misses your cerulean imp.
You hit the scorpion but do no damage.
The scorpion is severely wounded.
You feel sick.
The scorpion stings you but does no damage.
Your cerulean imp hits the scorpion but does no damage.
The hobgoblin hits your cerulean imp.
You hit the scorpion but do no damage.
The scorpion is severely wounded.
You feel sick.
The scorpion stings you but does no damage.
Your cerulean imp hits the scorpion but does no damage.
The scorpion closely misses your cerulean imp.
The hobgoblin closely misses your cerulean imp.
You barely miss the scorpion.
The scorpion is heavily wounded.
You feel sick.
Your cerulean imp barely misses the scorpion.
The scorpion stings you but does no damage.
The hobgoblin misses your cerulean imp.
You hit the scorpion but do no damage.
The scorpion is heavily wounded.
You feel sick.
You are no longer poisoned.
The scorpion stings you.
You die...

# #. .#.
### . .#.
.. .. ..
#.##.
###.#....
.....g##...
###
#..5.....#
##.# #s#
##..#####♣#
#.#......)#
#.#.#######
#.#####.#.#
#.........#
#######<###
###


You could see a scorpion (ally target), a hobgoblin and a friendly cerulean imp
(summoned).

Vanquished Creatures
  An adder (D:3)
  An orc (D:3)
  4 bats
  4 endoplasms
  3 giant cockroaches
  3 hobgoblins
  2 quokkas
  6 ball pythons
  2 frilled lizards (D:2)
  6 goblins
  8 kobolds
  5 rats
45 creatures vanquished.

Notes
Turn   | Place    | Note
-------+----------+-------------------------------------------
     0 | D:1      | pokeman the Deep Elf Hedge Wizard began the quest for the
                  | Orb.
     0 | D:1      | Reached XP level 1. HP: 10/10 MP: 7/7
   387 | D:1      | Reached XP level 2. HP: 15/15 MP: 6/9
  1399 | D:2      | Reached skill level 5 in Spellcasting
  1579 | D:2      | Reached XP level 3. HP: 15/20 MP: 3/11
  1583 | D:2      | Learned a level 3 spell: Mephitic Cloud
  1586 | D:2      | Learned a level 2 spell: Call Imp
  1589 | D:2      | Learned a level 2 spell: Blink
  2685 | D:3      | Found Keifopoxt's Assorted Antiques.
  2693 | D:3      | Bought a scroll labelled YKAUKL IJEXA for 19 gold pieces
  2693 | D:3      | Bought a bubbling dark potion for 17 gold pieces
  2693 | D:3      | Bought a sedimented brown potion for 17 gold pieces
  2693 | D:3      | Bought a red potion for 17 gold pieces
  2815 | D:3      | Reached skill level 1 in Fighting
  2815 | D:3      | Reached skill level 1 in Armour
  3348 | D:4      | Noticed a scorpion
  3368 | D:4      | Slain by a scorpion

Illustrated notes

Levels and vault maps discovered:
D:1:      wheals_arrival_linesprint, layout_loops_ring, bh_walls_and_bars
D:2:      layout_loops_corners
D:3:      layout_loops_ring, serial_shops, nicolae_shop_tiny_statue_garden,
          corexii_leaking_fountain
D:4:      layout_basic, serial_shops, kennysheep_mini_moat, shop, shop, shop,
          nzn_random_ring

Skill      XL: |  1  2  3 |
---------------+----------+-----
Spellcasting   | 5 |  5.4
Conjurations   | 2 |  2.1
Fighting       | 1 |  1.0
Armour         | 1 |  1.0
Dodging        | |  2.4
Stealth        | |  2.4
Summonings     | |  1.1
Translocations | |  1.1

Action                     || total
---------------------------++-------
  Melee: Dagger            ||     7
   Cast: Magic Dart        ||   111
         Mephitic Cloud    ||     1
         Call Imp          ||     1
    Use: Potion            ||     1
   Stab: Confused          ||     1
 Armour: Robe              ||     8
         Skin              ||     4
  Dodge: Dodged            ||    14

Table legend: (Time is in decaauts)
 A = Elapsed time spent in this place.
 B = Non-inter-level travel time spent in this place.
 C = Inter-level travel time spent in this place.
 D = Time resting spent in this place.
 E = Time spent auto-exploring this place.
 F = Levels seen in this place.
 G = Mean time per level.
                   A        B        C        D        E       F      G
               +--------+--------+--------+--------+--------+-----+--------+
         Total |   3367 |   3230 |    137 |     15 |   2918 |   4 |  841.8 |
       Dungeon |   3367 |   3230 |    137 |     15 |   2918 |   4 |  841.8 |
               +--------+--------+--------+--------+--------+-----+--------+

Top non-repeatable levels by time:
     D:1: 1390 daAuts
     D:2: 1210 daAuts
     D:3: 734 daAuts
     D:4: 31 daAuts
